 Dungeon Crawl Stone Soup version 0.28.0-53-g5a82cb258f (webtiles) character file.

Game seed: 5206459590666965598

15127 cbfl8 the Cleaver (level 11, -2/104 HPs)
             Began as a Minotaur Berserker on July 23, 2022.
             Was a High Priest of Trog.
             Collided with a rock wall (14 damage)
             ... caused by a rakshasa (illusionary)
             ... on level 13 of the Dungeon.
             The game lasted 00:18:59 (12596 turns).

cbfl8 the Cleaver (Minotaur Berserker)             Turns: 12596, Time: 00:19:00

Health: -2/104     AC: 15    Str: 22    XL:     11   Next: 97%
Magic:  10/10      EV: 14    Int:  4    God:    Trog [*****.]
Gold:   751        SH:  0    Dex: 14    Spells: 10/10 levels left

rFire   . . .      SeeInvis +   q - +0 war axe
rCold   . . .      Faith    .   (no shield)
rNeg    . . .      Spirit   .   w - +4 scale mail of Dramatic Exits {rElec Regen+ Stlth+}
rPois   .          Reflect  .   (helmet restricted)
rElec   +          Harm     .   (no cloak)
rCorr   .          Rampage  .   D - +0 pair of gloves
Will    +....                   a - +0 pair of boots
Stlth   +++.......              g - amulet of magic regeneration
HPRegen 1.07/turn               u - ring of willpower
MPRegen 0.52/turn               y - ring of see invisible

@: mighty, about to teleport, on berserk cooldown, slowed, very slow
A: horns 2, retaliatory headbutt
a: Renounce Religion, Berserk, Trog's Hand, Brothers in Arms


You were on level 13 of the Dungeon.
You worshipped Trog.
Trog was extremely pleased with you.
You visited 1 branch of the dungeon, and saw 13 of its levels.

You collected 751 gold pieces.

Inventory:

Hand Weapons
 q - a +0 war axe (weapon)
 F - the +4 spear of Loasaut {venom, rElec rF+ rCorr Stlth-}
   (You found it on level 9 of the Dungeon)

   It poisons the flesh of those it strikes.
   rF:        It protects you from fire.
   rElec:     It insulates you from electricity.
   rCorr:     It protects you from acid and corrosion.
   Stlth:     It makes you less stealthy.
 G - the +3 long sword "Killer Bee's Doom" {speed, rF+ rN+ Dex+2}
   (You found it on level 10 of the Dungeon)

   Attacks with this weapon are significantly faster.
   Dex:       It affects your dexterity (+2).
   rF:        It protects you from fire.
   rN:        It protects you from negative energy.
Armour
 a - a +0 pair of boots (worn)
 o - a +0 chain mail
 s - a +0 plate armour
 w - the +4 scale mail of Dramatic Exits (worn) {rElec Regen+ Stlth+}
   (You found it on level 5 of the Dungeon)

   rElec:     It insulates you from electricity.
   Regen:     It increases your rate of health regeneration.
   Stlth:     It makes you more stealthy.
 D - a +0 pair of gloves (worn)
Jewellery
 g - an amulet of magic regeneration (around neck)
 n - a ring of protection from cold
 u - a ring of willpower (left hand)
 y - a ring of see invisible (right hand)
 A - a ring of ice
 E - a ring of magical power
Wands
 J - a wand of acid (4)
Scrolls
 b - a scroll of enchant weapon {unknown}
 d - a scroll of immolation {unknown}
 f - a scroll of blinking {unknown}
 h - 3 scrolls of fog {unknown}
 i - 6 scrolls of fear
 k - 7 scrolls of teleportation
 p - 4 scrolls of noise
 r - a scroll of holy word {unknown}
 v - a scroll of silence
 x - a scroll of brand weapon
Potions
 c - 5 potions of curing
 e - 2 potions of haste
 j - a potion of cancellation {unknown}
 l - a potion of might
 m - 2 potions of heal wounds
 t - 3 potions of ambrosia {unknown}
 z - a potion of lignification {unknown}
 B - a potion of degeneration {unknown}
 C - 2 potions of flight {unknown}
 H - a potion of resistance {unknown}
 I - a potion of magic


   Skills:
 * Level 12.1 Fighting
 + Level 12.7 Axes
 + Level 9.7 Armour
 * Level 8.6 Dodging
 * Level 6.9 Stealth
 * Level 2.7 Evocations


You had 10 spell levels left.
You didn't know any spells.
Your spell library was empty.

Dungeon Overview and Level Annotations

Branches:
Dungeon (13/15)            Temple (0/1) D:6            Lair (0/6) D:11
    Orc (0/2) D:12
 Vaults: D:13-14

Altars:
Fedhas
Kikubaaqudgha
Vehumet
Zin

Annotations:
D:6 2 transporters, JJisdabomb's ghost, novice DsFi
D:13 Kirke


Innate Abilities, Weirdness & Mutations

You have a pair of horns on your head.
You reflexively headbutt those who attack you in melee.


Message History

The rakshasa is severely wounded.
The rakshasa hits you but does no damage.
A kobold comes into view.
You closely miss the rakshasa.
The kobold shouts!
You headbutt the rakshasa, but do no damage.
The rakshasa is severely wounded.
The rakshasa hits you with a +0 long sword.
The kobold throws a stone.
The stone hits you but does no damage. The rakshasa misses you.
You slash the rakshasa!
The rakshasa is almost dead.
The injured rakshasa weaves a defensive illusion!
The rakshasa barely misses you.
The rakshasa blinks!
You hit the rakshasa. Your headbutt misses the rakshasa.
The rakshasa is almost dead.
The rakshasa gestures at you. The lance of force hits you!!
You are knocked back by the lance of force.
You slam into the rock wall!
* * * LOW HITPOINT WARNING * * *
The rakshasa misses you.
You slice the rakshasa!!
You kill the rakshasa!
The rakshasa shimmers and vanishes!
The rakshasa gestures at you. The lance of force misses you.
Unknown command.
You hit the rakshasa. Your headbutt misses the rakshasa.
The rakshasa is almost dead.
You closely miss the rakshasa.
The rakshasa blinks! x2
The rakshasa weaves an illusion.
As you read the scroll of teleportation, it crumbles to dust.
You feel strangely unstable. The rakshasa gestures at you.
The lance of force hits you!!
* * * LOW HITPOINT WARNING * * *
You are knocked back by the lance of force.
You slam into the rock wall!
You die...

#########
#.......#
......#......##
..>..#......#
....#......#
...#......#
#..#......#
#..#.....##
#..###@###..##
#.....§K.....g
#..R..........
.......###.......
........# .......
......### ..R....
####.. .......
#.. #...##. #.#
...#


You could see 2 rakshasas, a goblin (wandering) and a kobold.

Vanquished Creatures
  2 centaur warriors
  A two-headed ogre (D:8)
  A deep elf pyromancer (D:11)
  A manticore (D:11)
  3 ugly things
  2 cyclopes
  An unseen horror (D:12)
  A gargoyle (D:12)
  2 kobold demonologists (D:12)
  An efreet (D:9)
  A troll (D:7)
  3 slime creatures (D:13)
  Sigmund (D:6)
  2 shadows
  3 wraiths
  A vampire (D:12)
  A wyvern (D:9)
  11 yaks
  A basilisk (D:12)
  Menkaure (D:4)
  3 vampire mosquitoes (D:12)
  A water moccasin (D:5)
  An acid dragon (D:10)
  5 orc warriors
  3 ogres
  2 sky beasts
  5 centaurs
  A phantom (D:5)
  A kobold brigand (D:12)
  3 bullfrogs
  22 killer bees
  4 wights (D:10)
  3 howler monkeys (D:8)
  A centaur zombie (D:10)
  3 jellies
  2 hounds
  A gnoll shaman (D:9)
  9 orc priests
  A bullfrog skeleton (D:4)
  2 centaur skeletons
  Jessica (D:2)
  4 iguanas
  11 orc wizards
  A mummy (D:6)
  Robin (D:2)
  2 howler monkey zombies
  7 gnolls
  2 river rats (D:4)
  7 adders
  A white imp (D:6)
  An ufetubus (D:4)
  6 worms
  2 dart slugs
  36 orcs
  9 endoplasms
  3 giant cockroaches
  16 goblins
  10 hobgoblins
  6 jackals
  2 quokkas
  7 ball pythons
  3 bats
  2 frilled lizards (D:1)
  A hobgoblin zombie (D:6)
  13 kobolds
  2 kobold zombies (D:6)
  An orc zombie (D:6)
  6 rats
276 creatures vanquished.

Vanquished Creatures (collateral kills)
  2 yaks (D:10)
  A wyvern (D:10)
  A wight (D:10)
  2 killer bees (D:10)
6 creatures vanquished.

Grand Total: 282 creatures vanquished

Notes
Turn   | Place    | Note
-------+----------+-------------------------------------------
     0 | D:1      | cbfl8 the Minotaur Berserker began the quest for the Orb.
     0 | D:1      | Reached XP level 1. HP: 19/19 MP: 0/0
   326 | D:1      | Reached XP level 2. HP: 27/27 MP: 1/1
  1096 | D:2      | Reached XP level 3. HP: 9/33 MP: 2/2
  1401 | D:2      | Noticed Robin
  1406 | D:2      | Reached ** piety under Trog
  1412 | D:2      | Killed Robin
  1637 | D:2      | Noticed Jessica
  1655 | D:2      | Reached XP level 4. HP: 23/41 MP: 3/3
  1656 | D:2      | Killed Jessica
  1657 | D:2      | Reached skill level 1 in Stealth
  2380 | D:3      | Reached XP level 5. HP: 47/47 MP: 4/4
  2386 | D:3      | Reached skill level 5 in Axes
  2969 | D:3      | Reached skill level 5 in Fighting
  3101 | D:3      | Found a faded altar of an unknown god.
  3141 | D:3      | Reached XP level 6. HP: 41/56 MP: 5/5
  3405 | D:3      | Found a radiant altar of Vehumet.
  3405 | D:3      | Found a glowing silver altar of Zin.
  3865 | D:4      | Noticed Menkaure
  3869 | D:4      | Killed Menkaure
  3870 | D:4      | Reached XP level 7. HP: 31/61 MP: 6/6
  4471 | D:4      | Reached *** piety under Trog
  4786 | D:5      | Entered Level 5 of the Dungeon
  5061 | D:5      | Reached skill level 5 in Armour
  5147 | D:5      | Reached XP level 8. HP: 47/71 MP: 7/7
  6136 | D:5      | Identified the +4 scale mail of Dramatic Exits {rElec
                  | Regen+ Stlth+}
  6192 | D:6      | Reached skill level 5 in Dodging
  6251 | D:6      | Noticed Sigmund
  6268 | D:6      | Killed Sigmund
  6341 | D:6      | Found a transporter.
  6344 | D:6      | Noticed JJisdabomb's ghost (novice DsFi)
  6348 | D:6      | Noticed a two-headed ogre
  6367 | D:6      | Found a transporter.
  6420 | D:6      | Found a staircase to the Ecumenical Temple.
  6623 | D:6      | Found a blossoming altar of Fedhas.
  6627 | D:6      | Found an ancient bone altar of Kikubaaqudgha.
  7132 | D:7      | Noticed a troll
  7139 | D:7      | Killed a troll
  7140 | D:7      | Reached XP level 9. HP: 80/80 MP: 8/8
  7317 | D:7      | Reached **** piety under Trog
  8203 | D:8      | Noticed a two-headed ogre
  8217 | D:8      | Killed a two-headed ogre
  8791 | D:9      | You fall into a shaft and drop 2 floors!
  8791 | D:11     | Noticed a purple ugly thing
  8799 | D:11     | Killed a purple ugly thing
  8800 | D:11     | Reached skill level 10 in Axes
  8800 | D:11     | Reached skill level 5 in Stealth
  8800 | D:11     | Reached XP level 10. HP: 91/91 MP: 9/9
  8881 | D:10     | Entered Level 10 of the Dungeon
  9029 | D:9      | Reached skill level 10 in Fighting
  9447 | D:9      | Reached ***** piety under Trog
  9752 | D:9      | Identified the +4 spear of Loasaut {venom, rElec rF+ rCorr
                  | Stlth-}
 10036 | D:10     | Noticed a centaur warrior
 10099 | D:10     | Killed a centaur warrior
 10100 | D:10     | Reached XP level 11. HP: 90/101 MP: 10/10
 10248 | D:10     | Identified the +3 long sword "Killer Bee's Doom" {speed,
                  | rF+ rN+ Dex+2}
 10580 | D:11     | Noticed a centaur warrior
 10585 | D:11     | Killed a centaur warrior
 10853 | D:11     | Noticed a deep elf pyromancer
 10862 | D:11     | Killed a deep elf pyromancer
 10863 | D:11     | Reached skill level 1 in Evocations
 11290 | D:11     | Found a staircase to the Lair.
 11641 | D:12     | Found a staircase to the Orcish Mines.
 12034 | D:12     | Noticed a sun demon
 12263 | D:12     | Noticed a green ugly thing
 12272 | D:12     | Killed a green ugly thing
 12463 | D:13     | Noticed Kirke
 12463 | D:13     | Noticed a skeletal warrior
 12463 | D:13     | Noticed a skeletal warrior
 12463 | D:13     | Noticed a skeletal warrior
 12463 | D:13     | Noticed a skeletal warrior
 12463 | D:13     | Noticed a skeletal warrior
 12569 | D:13     | Noticed a red ugly thing
 12575 | D:13     | Noticed a rakshasa
 12580 | D:13     | Killed a red ugly thing
 12596 | D:13     | Collided with a rock wall

Illustrated notes

Levels and vault maps discovered:
D:1:      dpeg_arrival_court, layout_loops_ring
D:2:      layout_loops_ring, uniq_robin, uniq_jessica
D:3:      layout_basic, jmf_multi_god_temple,
          shapermc_ecumenical_altar_notcrosses, kennysheep_crisscross
D:4:      layout_loops_ring, lightli_sewer_entry_pipes, uniq_menkaure
D:5:      layout_basic, roderic_nine_men_s_morris
D:6:      cheibrodos_iron_armory, layout_basic,
          grunt_temple_overflow_growth_and_decay, temple_statues,
          gammafunk_ghost_arena, minmay_mini_ossuary, uniq_sigmund
D:7:      layout_loops_ring
D:8:      layout_loops_ring
D:9:      layout_roguey, serial_park_tiny_2
D:10:     layout_layer_cave
D:11:     layout_grid_maze, lair_entry_dummy
D:12:     layout_roguey, orc_0_dummy
D:13:     minmay_chopped_fan, layout_irregular_city, david_vaults_2,
          gauntlet_entry_generic, trog_hazing_becter, uniq_kirke

Skill      XL: |  1  2  3  4  5  6  7  8  9 10 11 |
---------------+----------------------------------+-----
Axes           | 4 5 6 8 10 11 12 | 12.7
Fighting       | 4 5 6 7 9 10 12 | 12.1
Stealth        | 1 2 3 5 6 |  6.9
Armour         | 3 4 5 6 7 8 9 |  9.7
Dodging        | 3 4 5 6 7 8 |  8.6
Evocations     | 2 |  2.7

Action                   |  1- 3 |  4- 6 |  7- 9 | 10-12 || total
-------------------------+-------+-------+-------+-------++-------
Melee: Hand axe          |    78 |   117 |       |       ||   195
       Headbutt          |    15 |    17 |    49 |    70 ||   151
       War axe           |       |     2 |   257 |   301 ||   560
       Punch             |       |       |       |     6 ||     6
Invok: Berserk           |     3 |     5 |     7 |    12 ||    27
       Trog's Hand       |       |     1 |       |     1 ||     2
       Brothers in Arms  |       |       |       |     1 ||     1
Evoke: Wand              |       |       |       |     7 ||     7
  Use: Potion            |       |     1 |     1 |     5 ||     7
       Scroll            |       |       |    12 |     5 ||    17
 Stab: Sleeping          |       |       |     4 |     1 ||     5
       Distracted        |       |       |       |     1 ||     1
Armor: Animal skin       |     1 |       |       |       ||     1
       Scale mail        |    20 |    22 |    72 |   126 ||   240
       Chain mail        |       |    26 |    49 |       ||    75
Dodge: Dodged            |    28 |    42 |   140 |   251 ||   461
